 Dungeon Crawl Stone Soup version 0.29.1-1-gd02db69 (webtiles) character file.

Game seed: 5881734398622889393

2871 Timinator the Insei (level 9, 0/72 HPs)
             Began as a Demigod Transmuter on Dec 19, 2022.
             Slain by a yak (14 damage)
             ... on level 7 of the Dungeon.
             The game lasted 00:26:01 (8599 turns).

Timinator the Insei (Demigod Transmuter)            Turns: 8599, Time: 00:26:01

Health: 0/72       AC:  9    Str: 15    XL:     9   Next: 23%
Magic:  18/18      EV: 14    Int: 15    God:
Gold:   148        SH:  0    Dex: 22    Spells: 13/15 levels left

rFire   + . .      SeeInvis .     - Unarmed
rCold   . . .      Faith    .   (no shield)
rNeg    . . .      Spirit   .   w - +0 ring mail {rF+}
rPois   .          Reflect  .   s - +0 helmet
rElec   .          Harm     .   p - +0 cloak
rCorr   .          Rampage  .   (no gloves)
Will    .....                   k - +0 pair of boots
Stlth   +.........              (no amulet)
HPRegen 0.22/turn               d - +4 ring of slaying
MPRegen 0.16/turn               f - +4 ring of slaying

@: wereblooded (expiring)
A: high MP 1, forlorn, divine attributes
a: no special abilities


You were on level 7 of the Dungeon.
You visited 1 branch of the dungeon, and saw 8 of its levels.

You collected 280 gold pieces.
You spent 132 gold pieces at shops.

Inventory:

Missiles
 t - a throwing net
 y - 9 boomerangs (quivered)
Armour
 k - a +0 pair of boots (worn)
 p - a +0 cloak (worn)
 s - a +0 helmet (worn)
 w - a +0 ring mail of fire resistance (worn)
Jewellery
 a - a ring of wizardry
 d - a +4 ring of slaying (left hand)
 f - a +4 ring of slaying (right hand)
Wands
 c - a wand of paralysis (23)
 h - a wand of acid (4)
 z - a wand of roots (13)
Scrolls
 g - a scroll of fear
 i - a scroll of fog {unknown}
 j - a scroll of enchant weapon
 m - a scroll of noise {unknown}
 n - 2 scrolls of vulnerability
 u - a scroll of enchant armour {unknown}
 x - 2 scrolls of blinking {unknown}
 A - 4 scrolls of teleportation
 B - 3 scrolls of identify
 C - 2 scrolls of poison {unknown}
Potions
 b - 4 potions of lignification
 e - 2 potions of invisibility
 l - a potion of curing
 o - a potion of magic
 q - 2 potions of brilliance
 r - a potion of degeneration
 v - 2 potions of mutation
 D - 2 potions of heal wounds


   Skills:
 * Level 4.6 Fighting
 - Level 0.1 Throwing
 - Level 3.7 Armour
 * Level 5.0 Dodging
 + Level 7.1 Unarmed Combat
 + Level 3.9 Spellcasting
 * Level 5.3 Transmutations


You had 13 spell levels left.
You knew the following spells:

 Your Spells              Type           Power      Damage    Failure   Level
a - Wereblood             Tmut           18%        N/A       6%          2

Your spell library contained the following spells:

 Spells                   Type           Power      Damage    Failure   Level
 Beastly Appendage        Tmut           36%        N/A       3%          1
 Apportation              Tloc           4%         N/A       34%         1
 Necrotise                Necr           8%         1d4       34%         1
 Summon Small Mammal      Summ           8%         N/A       34%         1
 Spider Form              Tmut/Pois      10%        N/A       34%         3
 Ignite Poison            Fire/Tmut/Pois 8%         N/A       43%         3
 Sublimation of Blood     Necr           2%         N/A       45%         2
 Conjure Flame            Conj/Fire      2%         6-21      71%         3
 Vampiric Draining        Necr           2%         2d6       71%         3
 Ice Form                 Ice/Tmut       10%        N/A       75%         4
 Sticky Flame             Conj/Fire      2%         2d3       98%         4
 Agony                    Necr           2%         N/A       100%        5
 Summon Hydra             Summ           1%         N/A       100%        7
 Chain Lightning          Conj/Air       1%         3d1       100%        9
 Fire Storm               Conj/Fire      1%         7d1       100%        9
 Shatter                  Erth           1%         3d5*      100%        9


Dungeon Overview and Level Annotations

Branches:
Dungeon (8/15)             Temple (0/1) D:6
   Lair: D:8-11

Shops:
D:1 :   D:4 [


Innate Abilities, Weirdness & Mutations

You have an increased reservoir of magic. (+10% MP)
You shall have no god before yourself.
Your divine heritage dramatically boosts your attributes as you level up.


Message History

You climb upwards.
There is a stone staircase leading down, spattered with blood here.
You punch the yak! You punch the yak.
The yak is severely wounded.
You howl as the wereblood boils in your veins!
The yak closely misses you. The yak gores you! x2
You hit the yak.
The yak is almost dead.
The yak gores you! The yak barely misses you.
The yak gores you but does no damage.
You punch the yak!
You feel a bit better.
You kill the yak!
The yak barely misses you. x2
You punch the yak!
The yak is heavily wounded.
The yak closely misses you. The yak gores you but does no damage.
You hit the yak. Your punch misses the yak.
The yak is heavily wounded.
You hit the yak but do no damage.
The yak is heavily wounded.
You howl as the wereblood boils in your veins!
The yak barely misses you. The yak gores you!
* * * LOW HITPOINT WARNING * * *
You punch the yak! You punch the yak.
The yak is almost dead.
The yak closely misses you. The yak misses you.
You closely miss the yak. You punch the yak.
You feel a bit better.
You kill the yak!
Your primal bloodlust is almost over.
The yak gores you.
* * * LOW HITPOINT WARNING * * *
Your Dodging skill increases to level 5!
Your Unarmed Combat skill increases to level 7!
You pummel the yak!!
The yak is heavily wounded.
The yak barely misses you.
You punch the yak!
The yak is almost dead.
The yak gores you!
You die...

###### #....#
#....#
#####....######
##........'.....
#..###....######
#####.####....#
#.†@Y.......###
###†#######...#
#.# ###.## #.#
#..##### #.#
##.....# #.#
#####.# #.# #..
#.# ### ###'####
#


You could see a yak.

Vanquished Creatures
  A wyvern (D:7)
  A wraith (D:7)
  Eustachio (D:5)
  4 yaks (D:7)
  3 black bears
  An ice beast (D:7)
  3 ogres
  A gnoll sergeant (D:5)
  2 necrophages
  2 bullfrogs (D:7)
  2 scorpions (D:7)
  A howler monkey (D:6)
  2 hounds
  A jelly (D:5)
  4 orc priests
  A gnoll bouda (D:5)
  5 iguanas
  Natasha (thrice) (D:3)
  3 orc wizards
  10 gnolls
  3 adders
  A shadow imp (D:6)
  2 white imps
  A worm (D:2)
  2 dart slugs
  24 orcs
  3 endoplasms
  3 giant cockroaches
  4 goblins
  9 hobgoblins
  5 jackals (D:4)
  7 kobolds
  3 quokkas
  5 ball pythons
  2 bats
  2 frilled lizards (D:1)
  3 rats (D:2)
130 creatures vanquished.

Vanquished Creatures (others)
  An orc wizard (D:6)
1 creature vanquished.

Grand Total: 131 creatures vanquished

Notes
Turn   | Place    | Note
-------+----------+-------------------------------------------
     0 | D:1      | Timinator the Demigod Transmuter began the quest for the
                  | Orb.
     0 | D:1      | Reached XP level 1. HP: 15/15 MP: 5/5
    26 | D:1      | You fall into a shaft and drop 1 floor!
   220 | D:1      | Reached skill level 1 in Fighting
   266 | D:1      | Reached XP level 2. HP: 23/23 MP: 5/7
   325 | D:1      | Found Ownaumn's Book Boutique.
   420 | D:1      | Reached skill level 3 in Unarmed Combat
  1502 | D:2      | Reached XP level 3. HP: 15/28 MP: 6/8
  2164 | D:3      | Noticed Natasha
  2172 | D:3      | Killed Natasha
  2206 | D:3      | Noticed Natasha
  2213 | D:3      | Killed Natasha
  2214 | D:3      | Reached skill level 1 in Armour
  2214 | D:3      | Reached XP level 4. HP: 35/35 MP: 8/10
  2683 | D:3      | Learned a level 2 spell: Wereblood
  2857 | D:3      | Noticed Natasha
  2863 | D:3      | Killed Natasha
  2864 | D:3      | Reached XP level 5. HP: 34/41 MP: 8/11
  3527 | D:4      | Found Xaf Cyny's Armour Boutique.
  3546 | D:4      | Bought a +0 ring mail of fire resistance for 132 gold
                  | pieces
  3760 | D:4      | Reached XP level 6. HP: 48/48 MP: 13/13
  4042 | D:4      | Reached skill level 4 in Unarmed Combat
  4252 | D:5      | Entered Level 5 of the Dungeon
  5525 | D:5      | Reached XP level 7. HP: 52/56 MP: 14/14
  6257 | D:5      | Reached skill level 5 in Unarmed Combat
  6278 | D:5      | Noticed Eustachio
  6292 | D:5      | Killed Eustachio
  6293 | D:5      | Reached XP level 8. HP: 63/63 MP: 14/16
  6559 | D:6      | Found a staircase to the Ecumenical Temple.
  8033 | D:7      | Reached skill level 6 in Unarmed Combat
  8479 | D:7      | Reached skill level 5 in Transmutations
  8580 | D:7      | Reached XP level 9. HP: 68/72 MP: 15/18
  8598 | D:7      | Reached skill level 5 in Dodging
  8598 | D:7      | Reached skill level 7 in Unarmed Combat
  8599 | D:7      | Slain by a yak

Illustrated notes

Levels and vault maps discovered:
D:1:      giann_horns, layout_basic, serial_shops, shop,
          dreamdust_ecumenical_altar_sealed_demon
D:2:      layout_loops_corners
D:3:      layout_loops_corners, nicolae_wu_jian_wuxing_cycle,
          minmay_overflow_temple_star_quad, kennysheep_generic_room_9,
          uniq_natasha
D:4:      layout_gridville, serial_shops, shop, minmay_misc_feat_chi
D:5:      layout_gridville, uniq_eustachio
D:6:      layout_loops_ring, temple_doors_e, dk_noncrumbling_3
D:7:      layout_basic
D:8:      layout_loops_ring, makhleb_blood_cavern_becter, serial_shops,
          nicolae_stop_n_shop_1

Skill      XL: |  1  2  3  4  5  6  7  8  9 |
---------------+----------------------------+-----
Fighting       | 1 2 3 4 |  4.6
Dodging        | 2 3 4 5 |  5.0
Unarmed Combat | 3 4 5 6 7 |  7.1
Transmutations | 2 3 4 5 |  5.3
Spellcasting   | 2 3 |  3.9
Armour         | 1 2 3 |  3.7
Throwing       | |  0.1

Action                   |  1- 3 |  4- 6 |  7- 9 || total
-------------------------+-------+-------+-------++-------
Melee: Unarmed           |    55 |   128 |   183 ||   366
       Kick              |     8 |     4 |     2 ||    14
       Headbutt          |     7 |     4 |     1 ||    12
       Punch             |     2 |     4 |    12 ||    18
Throw: Boomerang         |       |       |     5 ||     5
 Cast: Beastly Appendage |    23 |     6 |     1 ||    30
       Wereblood         |       |     9 |    17 ||    26
  Use: Potion            |       |     1 |     1 ||     2
       Scroll            |       |       |    10 ||    10
 Stab: Sleeping          |       |     1 |       ||     1
Armor: Robe              |     4 |       |       ||     4
       Leather armour    |       |     8 |       ||     8
       Ring mail         |       |    31 |    46 ||    77
       Skin              |       |     4 |     1 ||     5
Dodge: Dodged            |    16 |    91 |    91 ||   198
